 Dungeon Crawl Stone Soup version 0.22.1-1-ga44c0e5 (webtiles) character file.

92 nightchill the Insei (level 4, -3/33 HPs)
             Began as a Merfolk Transmuter on Oct 27, 2018.
             Killed by divine providence
             ... invoked by an orc priest
              (15 damage)
             ... on level 3 of the Dungeon on Oct 28, 2018.
             The game lasted 00:14:17 (3537 turns).

nightchill the Insei (Merfolk Transmuter)           Turns: 3537, Time: 00:14:17

Health: -3/33      AC:  2    Str: 11    XL:     4   Next: 60%
Magic:  6/7        EV: 13    Int: 12    God:
Gold:   151        SH:  0    Dex: 14    Spells: 1/7 levels left

rFire    . . .     SeeInvis .     - Unarmed
rCold    . . .     Gourm    .   (no shield)
rNeg     . . .     Faith    .   j - +0 robe
rPois    .         Spirit   .   (no helmet)
rElec    .         Reflect  .   (no cloak)
rCorr    .         Harm     .   (no gloves)
MR       .....                  (no boots)
Stlth    +.........             (no amulet)
HPRegen  0.11/turn              (no ring)
MPRegen  0.10/turn              (no ring)

@: appendage (expiring)
A: change form in water, swift swim, stealthy swim, horns 2
a: End Transformation


You were on level 3 of the Dungeon.
You were not hungry.
You had grown temporary horns.
You visited 1 branch of the dungeon, and saw 3 of its levels.

You collected 151 gold pieces.

Inventory:

Hand Weapons
 b - a +0 hunting sling
Missiles
 a - 80 arrows
 e - 89 stones (quivered)
 m - 15 poisoned needles
Armour
 j - a +0 robe (worn)
Scrolls
 c - a scroll of fear {unknown}
 h - 2 scrolls of fog {unknown}
 k - 2 scrolls of teleportation {unknown}
 l - 2 scrolls of identify {unknown}
 p - a scroll of amnesia {unknown}
Potions
 f - 2 potions of agility {unknown}
 g - a potion of curing {unknown}
 i - a potion of mutation {unknown}
 o - a potion of lignification {unknown}
Comestibles
 d - 5 rations


   Skills:
 + Level 2.2 Fighting
 - Level 2.6 Dodging
 * Level 4.4 Unarmed Combat
 - Level 2.0 Spellcasting
 * Level 4.4 Transmutations


You had one spell level left.
You knew the following spells:

 Your Spells              Type           Power        Failure   Level  Hunger
a - Beastly Appendage     Tmut           ##....       4%          1    ##.....
b - Sticks to Snakes      Tmut           ##......     7%          2    ###....
c - Spider Form           Tmut/Pois      #.........   32%         3    ####...

Your spell library contained the following spells:

 Spells                   Type           Power        Failure   Level  Hunger
 Ice Form                 Ice/Tmut       #.......     73%         4    #####..
 Blade Hands              Tmut           ##........   77%         5    ######.


Dungeon Overview and Level Annotations

Branches:
Dungeon (3/15)

Altars:
Vehumet
Yredelemnul

Annotations:
D:3 exclusion: door


Innate Abilities, Weirdness & Mutations

You revert to your normal form in water.
You are very nimble and swift while swimming.
You are very stealthy in the water. (Stealth+)
You have a pair of horns on your head.


Message History

You barely miss the orc priest. You headbutt the orc priest.
The orc priest is lightly wounded.
The orc priest closely misses you.
You hit the orc priest.
The orc priest is heavily wounded.
Your transformation is almost over.
The orc priest closely misses you.
You hit the orc priest but do no damage.
The orc priest is heavily wounded.
You hit the orc priest.
The orc priest is heavily wounded.
The orc priest hits you with a hand axe.
You hit the orc priest. You headbutt the orc priest.
The orc priest is severely wounded.
The orc priest barely misses you.
You hit the orc priest.
The orc priest is severely wounded.
The orc priest invokes the aid of Beogh against you.
Beogh smites you!
You die...

...#.......##...
#.#...[.#.##...
#.........#####
###.......##
##.#.....#
#.##.#.#####
#.##.#.##... #####
##<...#.##.##
♣o@.###.#####......
≈≈....)P#)##.#.##
####.#.
≈≈...≈≈P♣.#.###.##
#.##
≈≈≈..≈≈≈♣.<...##.#
#.##
P≈....≈≈♣♣......##
#...
≈♣...≈≈♣♣♣.#....#
#### ≈≈..≈≈≈
♣.##.#.# ≈≈...≈≈
♣.#..#.# ♣.#[##.#


You could see an orc priest.

Vanquished Creatures
  An adder (D:2)
  2 worms (D:2)
  A dart slug (D:1)
  A leopard gecko (D:1)
  4 orcs (D:3)
  A ball python (D:2)
  13 giant cockroaches
  7 goblins
  7 hobgoblins (D:2)
  6 jackals
  5 bats
  A frilled lizard (D:2)
  6 kobolds
  3 rats
58 creatures vanquished.

Vanquished Creatures (collateral kills)
  A goblin (D:2)
1 creature vanquished.

Vanquished Creatures (others)
  A plant (D:3)
1 creature vanquished.

Grand Total: 60 creatures vanquished

Notes
Turn   | Place    | Note
-------+----------+-------------------------------------------
     0 | D:1      | nightchill the Merfolk Transmuter began the quest for the
                  | Orb.
     0 | D:1      | Reached XP level 1. HP: 15/15 MP: 3/3
   249 | D:1      | Reached XP level 2. HP: 20/21 MP: 3/5
   265 | D:1      | Learned a level 2 spell: Sticks to Snakes
  1413 | D:2      | Reached XP level 3. HP: 24/27 MP: 4/6
  1418 | D:2      | Learned a level 3 spell: Spider Form
  2043 | D:2      | Found a radiant altar of Vehumet.
  2358 | D:2      | Reached XP level 4. HP: 26/33 MP: 7/7
  3158 | D:3      | Found a basalt altar of Yredelemnul.
  3537 | D:3      | Killed from afar by an orc priest

Skill      XL: |  1  2  3 |
---------------+----------+-----
Transmutations | 3 4 |  4.4
Unarmed Combat | 4 |  4.4
Fighting       | 2 |  2.2
Dodging        | |  2.6
Spellcasting   | |  2.0

Action                   |  1- 3 |  4- 6 || total
-------------------------+-------+-------++-------
Melee: Unarmed           |   124 |    70 ||   194
       Headbutt          |     5 |    12 ||    17
       Punch             |     1 |       ||     1
Throw: Stone             |     2 |       ||     2
 Cast: Beastly Appendage |    12 |     8 ||    20
       Spider Form       |     3 |       ||     3
       Sticks to Snakes  |     2 |     2 ||     4
 Stab: Sleeping          |       |     1 ||     1
  Eat: Chunk             |     5 |     4 ||     9
Armor: Robe              |    32 |     7 ||    39
       Skin              |     4 |       ||     4
Dodge: Dodged            |   127 |    35 ||   162
